Map: Acid Plant LE

Players

Bly - Winner!

  • Race: Zerg Zerg
  • Spawn Location: 5:00

PandaBearMe

  • Race: Zerg Zerg
  • Spawn Location: 11:00

Event: WCS Austin 2018

VOD

Have the link to the VOD?

Description

Time

  • Played on: June 1, 2018, 8:41 p.m.
  • Length: 9:05

All games in this series

Show
View Real Time Build Order
Export as new Build Order

Bly Zerg - Winner!

Build Orders: Hatch First 

Get SALT Encoding   

  12  0:01  Drone  
  13  0:12  Overlord  
  13  0:18  Drone  
  14  0:30  Drone  
  14  0:31  Drone  
  14  0:34  Drone  
  17  0:51  Hatchery  
  17  0:56  Drone  
  17  0:58  Drone  
  17  1:01  Extractor  
  17  1:13  Spawning Pool  
  17  1:16  Drone  
  17  1:20  Drone  
  18  1:29  Drone  
  19  1:39  Overlord  
  19  2:00  Queen  
  21  2:03  Queen  
  21  2:06  Drone  
  21  2:07  Drone x2  
  26  2:10  Drone  
  28  2:15  Drone  
  28  2:23  Drone  
  28  2:27  Drone  
  30  2:34  Drone  
  31  2:39  Queen  
  31  2:41  Zergling x2  
  34  2:46  Overlord  
  34  2:49  Lair  
  34  2:51  Drone  
  34  2:56  Drone  
  36  2:59  Evolution Chamber  
  36  3:00  Roach Warren  
  36  3:05  Drone x2  
  36  3:07  Drone x2  
  36  3:10  Drone x2  
  40  3:13  Drone x2  
  40  3:18  Extractor  
  40  3:19  Overlord  
  41  3:23  Evolution Chamber  
  40  3:27  Zerg Missile Weapons Level 1  
  40  3:29  Extractor  
  40  3:31  Overlord  
  38  3:38  Drone x3  
  41  3:42  Drone x2  
  41  3:43  Drone  
  41  3:45  Overlord  
  44  3:49  Glial Reconstitution  
  44  3:54  Drone x2  
  44  3:55  Drone  
  47  4:08  Overlord  
  47  4:13  Overlord  
  47  4:15  Overseer  
  47  4:16  Roach  
  55  4:17  Roach x3  
  55  4:24  Roach x3  
  55  4:27  Roach  
  63  4:32  Roach x2  
  67  4:50  Roach x3  
  73  4:53  Roach x2  
  73  4:54  Hatchery  
  73  4:56  Roach  
  78  5:07  Roach x3  
  78  5:09  Burrow  
  84  5:20  Tunneling Claws  
  84  5:25  Overlord x2  
  82  5:37  Drone x2  
  82  5:44  Drone x2  
  79  5:50  Drone x3  
  79  5:53  Drone x3  
  79  5:54  Drone x2  
  78  6:06  Drone  
  78  6:07  Drone x4  
  78  6:08  Ravager  
  73  6:18  Hydralisk Den  
  73  6:21  Roach  
  73  6:22  Roach x7  
  73  6:25  Roach  
  86  6:27  Queen x2  
  86  6:28  Spore Crawler  
  86  6:30  Roach  
  88  6:35  Spore Crawler  
  88  6:36  Spore Crawler, Roach  
  86  6:48  Roach x5  
  86  6:51  Roach x2  
  86  6:54  Overlord  
  95  6:57  Overlord x4  
  93  7:07  Overlord, Roach  
  93  7:08  Extractor  
  93  7:09  Muscular Augments  
  77  7:32  Roach, Hydralisk x10  
  87  7:39  Roach  
  87  7:42  Drone x3  
  87  7:43  Drone x5  
  95  8:01  Hydralisk x5  
  105  8:11  Roach  
  105  8:12  Roach x2  
  109  8:14  Extractor  
  106  8:20  Overlord x3  
  106  8:23  Roach x5  
  106  8:28  Extractor  
  105  8:39  Roach x2  
  109  8:44  Overlord  
  104  9:05  Spore Crawler  
Show
View Real Time Build Order
Export as new Build Order

PandaBearMe Zerg 

Build Orders: Hatch First 

Get SALT Encoding   

  12  0:01  Drone  
  13  0:14  Overlord  
  13  0:17  Drone  
  14  0:33  Drone x2  
  16  0:49  Hatchery  
  15  0:51  Drone  
  15  0:55  Drone  
  17  0:59  Drone  
  17  1:02  Extractor  
  17  1:15  Spawning Pool  
  17  1:18  Drone  
  17  1:21  Drone  
  18  1:30  Drone  
  19  1:45  Drone  
  20  1:51  Overlord  
  20  2:01  Queen  
  20  2:02  Queen, Metabolic Boost  
  20  2:05  Zergling x2  
  25  2:11  Drone  
  25  2:13  Drone  
  27  2:17  Drone  
  28  2:23  Drone x2  
  28  2:27  Baneling Nest  
  29  2:33  Drone  
  29  2:34  Drone  
  31  2:42  Queen  
  33  2:50  Overlord  
  33  2:52  Drone  
  33  2:55  Drone  
  33  2:57  Drone  
  36  3:02  Lair  
  36  3:08  Zergling x2  
  37  3:14  Overlord, Drone x3  
  40  3:23  Drone x2  
  40  3:24  Drone  
  40  3:25  Drone  
  44  3:27  Extractor  
  44  3:28  Extractor  
  41  3:34  Drone x2  
  41  3:36  Extractor  
  42  3:44  Overlord  
  42  3:45  Drone x4  
  46  3:48  Zergling x2  
  47  3:56  Drone x3  
  47  4:01  Drone  
  51  4:04  Spire  
  51  4:06  Drone  
  51  4:09  Drone x2  
  53  4:19  Overlord  
  53  4:20  Zergling x6  
  56  4:33  Hatchery  
  54  4:43  Spine Crawler  
  54  4:44  Spine Crawler  
  54  4:45  Spine Crawler  
  51  4:46  Spine Crawler  
  51  4:50  Drone x2  
  51  4:51  Spine Crawler  
  51  4:52  Zergling x2  
  50  5:11  Drone x2  
  50  5:12  Overlord  
  52  5:16  Mutalisk x5  
  52  5:19  Mutalisk  
  64  5:27  Mutalisk x2  
  68  5:29  Mutalisk  
  68  5:32  Zergling x2  
  69  5:40  Mutalisk  
  63  5:51  Zergling x4  
  63  5:52  Zergling x4  
  63  5:55  Mutalisk  
  63  5:56  Drone  
  59  6:08  Drone  
  54  6:21  Drone x3  
  56  6:28  Overseer  
  56  6:30  Drone x3  
  58  6:42  Mutalisk  
  59  6:53  Mutalisk x2  
  59  6:55  Drone x2  
  59  6:56  Drone x4  
  69  7:03  Zergling x2  
  69  7:04  Zergling x6  
  71  7:12  Mutalisk  
  71  7:14  Overseer  
  73  7:16  Mutalisk  
  70  7:29  Mutalisk  
  62  7:37  Drone x3  
  62  7:38  Overseer  
  63  7:51  Mutalisk  
  63  7:54  Mutalisk  
  63  7:57  Hatchery  
  65  7:59  Drone  
  65  8:04  Mutalisk  
  66  8:16  Drone x2  
  68  8:22  Drone  
  69  8:36  Overlord  
Tags
 
Add a new tag
Caveats
  • Supply blocks, unpowered buildings, or Contaminate may cause inaccurate times.
  • Supply counts are checked every 10 seconds.